 Dungeon Crawl Stone Soup version 0.22.1-1-ga44c0e5 (webtiles) character file.

77 Stepladder the Caller (level 4, -5/33 HPs)
             Began as a Merfolk Summoner on Oct 24, 2018.
             Was an Initiate of Ashenzari.
             Killed from afar by an orc wizard (8 damage)
             ... with a magic dart
             ... on level 3 of the Dungeon.
             The game lasted 00:13:14 (3182 turns).

Stepladder the Caller (Merfolk Summoner)            Turns: 3182, Time: 00:13:15

Health: -5/33      AC:  5    Str:  9    XL:     4   Next: 34%
Magic:  2/7        EV: 13    Int: 14    God:    Ashenzari [......]
Gold:   98         SH:  0    Dex: 14    Spells: 1/7 levels left

rFire    . . .     SeeInvis .   m - +1 dagger (speed)
rCold    . . .     Gourm    .   (no shield)
rNeg     . . .     Faith    .   f - +0 leather armour
rPois    .         Spirit   .   (no helmet)
rElec    .         Reflect  .   (no cloak)
rCorr    .         Harm     .   (no gloves)
MR       .....                  k - +1 pair of boots (curse)
Stlth    ++........             (no amulet)
HPRegen  0.11/turn              (no ring)
MPRegen  0.10/turn              (no ring)

@: no status effects
A: change form in water, swift swim, stealthy swim
a: Curse Item, Renounce Religion


You were on level 3 of the Dungeon.
You worshipped Ashenzari.
Ashenzari was noncommittal.
You were very hungry.

You visited 1 branch of the dungeon, and saw 3 of its levels.

You collected 98 gold pieces.

Inventory:

Hand Weapons
 m - a +1 dagger of speed (weapon)
Missiles
 d - 135 stones (quivered)
 i - 7 needles of confusion
 j - 5 tomahawks
Armour
 f - a +0 leather armour (worn)
 k - a cursed +1 pair of boots (worn)
Scrolls
 l - a scroll of teleportation {unknown}
 o - a scroll of fear {unknown}
 p - a scroll of random uselessness {unknown}
 q - a scroll of remove curse
Potions
 b - 2 potions of curing
 e - a potion of invisibility
 g - a potion of heal wounds {unknown}
Comestibles
 a - a chunk of flesh
 c - 4 rations


   Skills:
 - Level 2.1 Fighting
 + Level 4.1 Dodging
 - Level 2.1 Stealth
 - Level 2.0 Spellcasting
 + Level 0.3 Hexes
 + Level 4.6 Summonings


You had one spell level left.
You knew the following spells:

 Your Spells              Type           Power        Failure   Level  Hunger
a - Summon Small Mammal   Summ           ##..         4%          1    ##.....
b - Summon Guardian Gole  Hex/Summ       #.......     36%         3    ####...
x - Call Imp              Summ           ##......     8%          2    ###....

Your spell library contained the following spells:

 Spells                   Type           Power        Failure   Level  Hunger
 Call Canine Familiar     Summ           ##......     16%         3    ####...
 Summon Ice Beast         Ice/Summ       #.......     78%         4    #####..
 Summon Lightning Spire   Summ/Air       #.......     78%         4    #####..


Dungeon Overview and Level Annotations

Branches:
Dungeon (3/15)

Altars:
Ashenzari


Message History

Casting: Summon Small Mammal (safe; 4% risk of failure)
Confirm with . or Enter, or press ? or * to list all spells.
Something tries to affect you, but you resist.
Your crimson imp blinks!
A magic dart appears from out of thin air!
The magic dart hits your rat.
Your rat dies!
Your rat's corpse disappears in a puff of smoke!
An orc wizard appears from thin air!
Reactivating autopickup.
Your crimson imp blinks!
The orc wizard points at you and mumbles some strange words.
The puff of flame hits you!
* * * LOW HITPOINT WARNING * * *
The orc wizard casts a spell.
The orc wizard flickers and vanishes!
Deactivating autopickup; reactivate with Ctrl-A.
The orc wizard casts a spell at you. The magic dart hits you!
You die...

...###### o# .#
#......##o#### .#
#..(o....###.##
#(######.......
##.########...#.
#####.(..{.[........ ..
.####.>.....#####.....##
.............#####o.......#
...........@.......####...#
.....##....####{...# ###.#
........#### #..#### #.#
#..........# #.## #.#
#..........###.# #.#
#..............# #.#
#.........5##### ###.#.
#..........# #..{#.
##......5### #.#...


You could see an orc wizard.

Vanquished Creatures
  An adder (D:2)
  3 dart slugs (D:2)
  A bat (D:1)
  2 giant cockroaches
  3 goblins
  3 jackals (D:2)
  A frilled lizard (D:2)
  5 kobolds
  3 rats
22 creatures vanquished.

Vanquished Creatures (collateral kills)
  Terence (D:2)
  4 worms
  3 dart slugs (D:1)
  A leopard gecko (D:3)
  An orc (D:3)
  2 giant cockroaches (D:2)
  3 goblins
  3 hobgoblins
  A frilled lizard (D:3)
  3 kobolds
  A rat (D:1)
23 creatures vanquished.

Grand Total: 45 creatures vanquished

Notes
Turn   | Place    | Note
-------+----------+-------------------------------------------
     0 | D:1      | Stepladder the Merfolk Summoner began the quest for the
                  | Orb.
     0 | D:1      | Reached XP level 1. HP: 13/13 MP: 3/3
   787 | D:1      | Reached XP level 2. HP: 20/20 MP: 1/5
   791 | D:1      | Learned a level 2 spell: Call Imp
   902 | D:1      | Reached skill level 1 in Fighting
  1357 | D:2      | Reached XP level 3. HP: 19/26 MP: 6/6
  1570 | D:2      | Found a shattered altar of Ashenzari.
  1575 | D:2      | Became a worshipper of Ashenzari the Shackled
  1906 | D:2      | Noticed Terence
  2437 | D:2      | Killed Terence
  2437 | D:2      | Reached XP level 4. HP: 32/33 MP: 0/7
  2508 | D:2      | Learned a level 3 spell: Summon Guardian Golem
  3182 | D:3      | Killed from afar by an orc wizard

Skill      XL: |  1  2  3 |
---------------+----------+-----
Dodging        | 3 4 |  4.1
Fighting       | 1 2 |  2.1
Stealth        | |  2.1
Spellcasting   | |  2.0
Hexes          | |  0.3
Summonings     | |  4.6

Action                   |  1- 3 |  4- 6 || total
-------------------------+-------+-------++-------
Melee: Unarmed           |    19 |       ||    19
       Dagger            |   102 |    15 ||   117
 Cast: Summon Small Mamm |    27 |    10 ||    37
       Call Imp          |    17 |     8 ||    25
  Use: Scroll            |     1 |     3 ||     4
 Stab: Sleeping          |     5 |       ||     5
  Eat: Chunk             |     5 |       ||     5
       Ration            |     1 |       ||     1
Armor: Robe              |     1 |       ||     1
       Leather armour    |    19 |    12 ||    31
Dodge: Dodged            |    82 |    13 ||    95
